cohdb
Replays
Latest Replays
All Replays
Popular Replays
Top Player Replays
Match Explorer
How It Works
Community
CoH3 Stats
Reddit
Sign in to upload your games and track your stats! →
Sign in with Steam
Match 38402320
Unlisted
Match 38402320
Overview
Messages
Build Orders
End
Scout Squad
Scout Squad
Scout Squad
Selects Airborne Battlegroup
Selects Pathfinders
Engineer Squad
Construct Medical Station
Selects Paratrooper Squad Paradrop
Paratrooper Squad Paradrop
Mechanized Support Center
Construct Weapon Support Center
Paratrooper Squad Paradrop
Construct Tank Depot
Selects Anti-tank Gun Team Paradrop
Anti-tank Gun Team Paradrop
FooKilla
Cool Whhip
LEV-Detahaven
Tenshi
0
0
Comments
sign in to comment!
No comments posted yet!